 Dungeon Crawl Stone Soup version 0.31-a0-233-g139696dc86 (webtiles) character file.

Game seed: 845799808205214031

27040 qw the Marksminotaur (level 13, -8/116 HPs)
             Began as a Minotaur Hexslinger on July 7, 2023.
             Was an Elder of Okawaru.
             Mangled by a death yak (11 damage)
             ... on level 2 of the Lair of Beasts.
             The game lasted 00:05:23 (10982 turns).

qw the Marksminotaur (Minotaur Hexslinger)         Turns: 10982, Time: 00:05:23

Health: -8/116     AC: 12    Str: 14    XL:     13   Next: 2%
Magic:  14/19      EV: 19    Int: 10    God:    Okawaru [****..]
Gold:   552        SH:  0    Dex: 17    Spells: 13/14 levels left

rFire   . . .        Y - +1 longbow
rCold   + . .        (shield currently unavailable)
rNeg    + . .        q - +3 leather armour of Honour {rC+}
rPois   .            (helmet restricted)
rElec   .            m - +0 cloak
rCorr   .            n - +0 pair of gloves
SInv    +            j - +1 pair of boots
Will    .....        l - amulet of regeneration
Stlth   +++          f - ring of positive energy
HPRegen 1.19/turn    g - ring of see invisible
MPRegen 0.16/turn

%: no passive effects
@: heroic, finesse-ful
A: horns 2, retaliatory headbutt
a: Renounce Religion, Heroism, Finesse


You were on level 2 of the Lair of Beasts.
You worshipped Okawaru.
Okawaru was greatly pleased with you.
You visited 3 branches of the dungeon, and saw 13 of its levels.

You collected 739 gold pieces.
You spent 187 gold pieces at shops.


Innate Abilities, Weirdness & Mutations

You have a pair of horns on your head.
You reflexively headbutt those who attack you in melee.


   Skills:
 - Level 11.0(16.0) Fighting
 + Level 17.0(22.0) Ranged Weapons
 - Level 5.2(10.2) Armour
 - Level 8.1(13.1) Dodging
 - Level 1.0 Spellcasting
 - Level 2.0 Hexes
 - Level 10.0 Invocations


You had 13 spell levels left.
You knew the following spells:

 Your Spells              Type           Power      Damage    Failure   Level
a - Slow                  Hex            16%        N/A       19%         1

Your spell library contained the following spells:

 Spells                   Type           Power      Damage    Failure   Level
 Inner Flame              Hex/Fire       2%         N/A       63%         3
 Portal Projectile        Hex/Tloc       4%         N/A       63%         3
 Cause Fear               Hex            2%         N/A       87%         4

Inventory:

Hand Weapons
 Y - a +1 longbow (weapon)
Armour
 b - a +0 troll leather armour
 d - the +2 robe of Afruikhe {rF+ rN+ Str+3 Int-3}
   (You took it off a gnoll on level 5 of the Dungeon)

   Str:       It affects your strength (+3).
   Int:       It affects your intelligence (-3).
   rF:        It protects you from fire.
   rN:        It protects you from negative energy.
 j - a +1 pair of boots (worn)
 m - a +0 cloak (worn)
 n - a +0 pair of gloves (worn)
 q - the +3 leather armour of Honour (worn) {rC+}
   (You found it on level 9 of the Dungeon)

   rC:        It protects you from cold.
Jewellery
 c - a ring of ice
 f - a ring of positive energy (left hand)
 g - a ring of see invisible (right hand)
 h - a ring of ice
 l - an amulet of regeneration (around neck)
Scrolls
 i - a scroll of identify
Potions
 a - 2 potions of might
 e - 2 potions of curing
 k - 2 potions of resistance
 o - a potion of magic
 p - a potion of mutation {unknown}
 r - a potion of haste
 s - a potion of cancellation {unknown}

Dungeon Overview and Level Annotations

Branches:
Dungeon (10/15)            Temple (1/1) D:6            Lair (2/5) D:10
  Swamp: Lair:2-3    Shoals: Lair:2-3     Snake: Lair:2-3    Spider: Lair:2-3
    Orc: D:9-12

Altars:
Ashenzari
Cheibriados
Dithmenos
Elyvilon
Fedhas
Hepliaklqana
Kikubaaqudgha
Makhleb
Nemelex Xobeh
Okawaru
Ru
Sif Muna
Trog
Uskayaw
Vehumet
Wu Jian
Xom
Yredelemnul
Zin
The Shining One

Shops:
D:9 (

Annotations:
D:6 2 runed translucent doors
D:8 3 runed translucent doors, qw's ghost, novice GrFi


Message History

The plant is lightly damaged.
The death yak gores you! The death yak gores you!!
You shoot an arrow. The arrow hits the death yak!!
The death yak is heavily wounded.
A nearby plant withers and dies.
The death yak gores you. The death yak closely misses you.
You shoot an arrow. The arrow hits the death yak!
The death yak is severely wounded.
You shoot an arrow. The arrow hits the death yak!
The death yak is severely wounded.
The death yak completely misses you. x2
You shoot an arrow. The arrow hits the death yak!
The death yak is almost dead.
The death yak closely misses you. The death yak barely misses you.
You furiously retaliate!
You headbutt the death yak.
You kill the death yak!
Okawaru is honoured by your kill.
You can now enter into single combat with a foe.
Okawaru will now gift you equipment as you gain piety.
Your base Armour skill increases to level 5!
You have reached level 13!
10977 ||| INVOKING Finesse.
You can now deal lightning-fast blows.
You can no longer enter into single combat with a foe.
Okawaru will no longer gift you equipment.
The death yak gores you!
You shoot an arrow.
The arrow hits the death yak but does no damage.
You shoot an arrow. The arrow hits the death yak!!
The death yak is moderately wounded.
The death yak barely misses you.
You shoot an arrow. The arrow hits the death yak!!
The death yak is severely wounded.
You shoot an arrow. The arrow hits the death yak!
The death yak is almost dead.
You shoot an arrow.
The arrow hits the death yak but does no damage.
The death yak is almost dead.
The death yak gores you!
You die...

....... .......
....... .......
##.......
######P.......
##...##.P.....#
.##......@%..#.
...........Y......
P................#
#.................
##................
..................
#........>........
........<<<....P..
P.......>......


You could see a death yak.

Vanquished Creatures
  A rakshasa (D:9)
  A boulder beetle (D:10)
  3 two-headed ogres
  A catoblepas (Lair:1)
  3 death yaks (Lair:2)
  2 tengu warriors (D:10)
  Urug (D:10)
  A deep troll (D:10)
  A wizard (D:10)
  A harpy (D:10)
  A cyclops (D:10)
  2 oklob plants
  9 elephants (Lair:1)
  A cane toad (Lair:1)
  Maggie (D:8)
  A kobold demonologist (D:8)
  An efreet (D:8)
  A komodo dragon (Lair:1)
  A troll (D:10)
  Prince Ribbit (D:7)
  A hornet (D:8)
  9 blink frogs (Lair:1)
  3 wraiths (D:10)
  6 wyverns
  21 yaks
  A shadow (D:10)
  3 basilisks (Lair:1)
  3 steam dragons
  2 acid dragons (D:10)
  Duvessa (D:7)
  8 water moccasins
  5 orc warriors
  A sky beast (D:8)
  4 wolves (Lair:1)
  5 centaurs
  A phantom (D:4)
  3 kobold brigands
  10 bullfrogs
  3 scorpions
  A gnoll sergeant (D:10)
  A water moccasin zombie (D:7)
  10 wights (D:7)
  Dowan (D:6)
  5 killer bees (D:9)
  A bullfrog zombie (D:7)
  2 centaur zombies (D:7)
  5 orc priests
  3 gnoll boudas
  9 orc wizards
  6 iguanas
  A sleepcap (D:8)
  2 killer bee zombies (D:7)
  3 howler monkey zombies (D:7)
  26 gnolls
  5 adders
  2 shadow imps
  2 white imps
  2 ufetubi (D:4)
  3 worms (D:3)
  3 dart slugs
  32 orcs
  5 endoplasms
  5 giant cockroaches
  9 goblins
  11 hobgoblins
  10 jackals
  3 quokkas
  5 ball pythons
  9 bats
  5 frilled lizards
  17 kobolds
  6 rats
334 creatures vanquished.

Notes
Turn   | Place    | Note
-------+----------+-------------------------------------------
     0 | D:1      | qw the Minotaur Hexslinger began the quest for the Orb.
     0 | D:1      | Reached XP level 1. HP: 16/16 MP: 1/1
     0 | D:1      | 0 ||| qw: Version: 0.3-a-46-gb1f654a
     0 | D:1      | 0 ||| qw: Game counter: 3327
     0 | D:1      | 0 ||| qw: Melee chars always use a shield: true
     0 | D:1      | 0 ||| qw: God list: Okawaru
     0 | D:1      | 0 ||| qw: Allow faded altars: false
     0 | D:1      | 0 ||| qw: Do Orc after clearing Dungeon:15 true
     0 | D:1      | 0 ||| qw: Do second Lair branch before Depths: true
     0 | D:1      | 0 ||| qw: Lair rune preference: random
     0 | D:1      | 0 ||| qw: Goals: Normal
     0 | D:1      | 0 ||| PLANNING D:1-11
    93 | D:1      | Reached skill level 3 in Ranged Weapons
    93 | D:1      | 93 ||| FLEEEEING.
    94 | D:1      | 94 ||| FLEEEEING.
    95 | D:1      | 95 ||| FLEEEEING.
    96 | D:1      | 96 ||| FLEEEEING.
    97 | D:1      | 97 ||| FLEEEEING.
    98 | D:1      | 98 ||| FLEEEEING.
    99 | D:1      | 99 ||| FLEEEEING.
   100 | D:1      | 100 ||| FLEEEEING.
   106 | D:1      | 106 ||| FLEEEEING.
   108 | D:1      | 108 ||| FLEEEEING.
   115 | D:1      | Reached XP level 2. HP: 20/23 MP: 2/2
   440 | D:1      | Reached XP level 3. HP: 29/29 MP: 3/3
   507 | D:1      | 507 ||| SWAPPING to +1 sling of electrocution.
   508 | D:1      | 508 ||| DROPPING +1 sling.
   900 | D:1      | 900 ||| UPGRADING to +0 pair of boots.
   905 | D:1      | 905 ||| UPGRADING to +0 ring mail.
   915 | D:1      | 915 ||| DROPPING +0 robe.
   916 | D:1      | 916 ||| UPGRADING to amulet of regeneration.
   921 | D:1      | 921 ||| READING scroll labelled SIHEDI ZEPU.
   926 | D:1      | 926 ||| READING scroll labelled XUHUNO FIHOFASH.
   927 | D:1      | 927 ||| READING scroll labelled YKHYXTUMPI.
   928 | D:1      | 928 ||| DROPPING scroll of poison.
  1033 | D:2      | Reached skill level 4 in Ranged Weapons
  1035 | D:2      | Reached skill level 1 in Armour
  1041 | D:2      | Reached XP level 4. HP: 36/36 MP: 4/4
  1415 | D:2      | 1415 ||| READING scroll labelled PEIDIE AV YROI.
  1431 | D:2      | 1431 ||| READING scroll labelled YMIAP HEGAXA.
  1432 | D:2      | 1432 ||| DRINKING 3 coppery potions.
  1609 | D:3      | Reached skill level 5 in Ranged Weapons
  1630 | D:3      | Found a hide-covered altar of Uskayaw.
  1697 | D:3      | Found a basalt altar of Yredelemnul.
  1706 | D:3      | Reached XP level 5. HP: 44/44 MP: 5/5
  1729 | D:3      | Reached skill level 3 in Fighting
  2383 | D:3      | 2383 ||| UPGRADING to +1 pair of boots.
  2393 | D:3      | 2393 ||| DROPPING +0 pair of boots.
  2394 | D:3      | 2394 ||| UPGRADING to +0 cloak.
  2399 | D:3      | 2399 ||| READING scroll labelled KEATEO KYECU.
  2400 | D:3      | 2400 ||| READING scroll labelled BAMMOZ ZYMA.
  2401 | D:3      | 2401 ||| DRINKING 4 fuming grey potions.
  2434 | D:4      | 2434 ||| STAIRDANCE
  2543 | D:4      | 2543 ||| STAIRDANCE
  2606 | D:4      | Noticed a water moccasin
  2617 | D:4      | Killed a water moccasin
  2618 | D:4      | Reached skill level 6 in Ranged Weapons
  2618 | D:4      | Reached XP level 6. HP: 41/51 MP: 6/6
  2925 | D:4      | 2925 ||| STAIRDANCE
  2994 | D:4      | Found a sparkling altar of Nemelex Xobeh.
  3133 | D:4      | Found a bloodstained altar of Trog.
  3143 | D:4      | Reached skill level 7 in Ranged Weapons
  3143 | D:4      | Reached XP level 7. HP: 60/60 MP: 7/7
  3224 | D:4      | 3224 ||| UPGRADING to +1 ring mail of cold resistance.
  3234 | D:4      | 3234 ||| DROPPING +0 ring mail.
  3235 | D:4      | 3235 ||| UPGRADING to ring of positive energy.
  3241 | D:4      | 3241 ||| STAIRDANCE
  3489 | D:5      | Entered Level 5 of the Dungeon
  3499 | D:5      | 3499 ||| STAIRDANCE
  3604 | D:5      | 3604 ||| STAIRDANCE
  3620 | D:5      | 3620 ||| STAIRDANCE
  3644 | D:5      | 3644 ||| STAIRDANCE
  3709 | D:5      | Reached skill level 8 in Ranged Weapons
  3765 | D:5      | Identified the +2 robe of Afruikhe {rF+ rN+ Str+3 Int-3}
  3772 | D:5      | HP: 14/60 [gnoll/+0 flail (5)]
  3773 | D:5      | 3773 ||| READING scroll of teleportation.
  3774 | D:5      | 3774 ||| DRINKING 3 potions of heal wounds.
  3780 | D:5      | 3780 ||| FLEEEEING.
  3781 | D:5      | 3781 ||| FLEEEEING.
  3782 | D:5      | 3782 ||| STAIRDANCE
  4137 | D:5      | 4137 ||| UPGRADING to +2 robe of Afruikhe {rF+ rN+ Str+3
                  | Int-3}.
  4147 | D:5      | 4147 ||| READING scroll labelled JUIGOOTYESEF.
  4148 | D:5      | 4148 ||| READING scroll labelled SIEMIKH GICE.
  4149 | D:5      | 4149 ||| DRINKING 3 fizzy black potions.
  4150 | D:5      | 4150 ||| READING 2 scrolls of identify.
  4150 | D:5      | 4150 ||| IDENTIFYING fizzy white potion
  4151 | D:5      | 4151 ||| DROPPING 2 potions of degeneration.
  4176 | D:6      | Found a shimmering altar of Xom.
  4177 | D:6      | 4177 ||| DRINKING 3 potions of curing.
  4177 | D:6      | 4177 ||| (to cure confusion)
  4182 | D:6      | 4182 ||| Stepping ~*~*~tactically~*~*~ (outnumbered).
  4192 | D:6      | 4192 ||| FLEEEEING.
  4193 | D:6      | 4193 ||| FLEEEEING.
  4194 | D:6      | 4194 ||| FLEEEEING.
  4197 | D:6      | 4197 ||| STAIRDANCE
  4236 | D:6      | 4236 ||| DRINKING 2 potions of curing.
  4236 | D:6      | 4236 ||| (to cure confusion)
  4238 | D:6      | 4238 ||| STAIRDANCE
  4252 | D:5      | Reached skill level 9 in Ranged Weapons
  4284 | D:6      | 4284 ||| SWAPPING to +0 orcbow.
  4285 | D:6      | 4285 ||| DROPPING +1 sling of freezing.
  4356 | D:6      | 4356 ||| Stepping ~*~*~tactically~*~*~ (outnumbered).
  4357 | D:6      | 4357 ||| SWAPPING to +0 longbow.
  4361 | D:6      | Reached XP level 8. HP: 67/68 MP: 8/8
  4363 | D:6      | 4363 ||| DROPPING +0 orcbow.
  4380 | D:6      | Reached skill level 3 in Dodging
  4414 | D:6      | Found a broken altar of Ashenzari.
  4548 | D:6      | Found a large runed translucent door.
  4548 | D:6      | Found a large runed translucent door.
  4869 | D:6      | Reached skill level 6 in Fighting
  4873 | D:6      | Found a staircase to the Ecumenical Temple.
  4874 | D:6      | 4874 ||| PLANNING TEMPLE
  4874 | D:6      | 4874 ||| UPGRADING to +0 pair of gloves.
  4879 | D:6      | 4879 ||| UPGRADING to ring of see invisible.
  4880 | D:6      | 4880 ||| READING scroll labelled EHO DINIHUZOMN.
  4881 | D:6      | 4881 ||| READING scroll labelled LIEFAT ILIUPH.
  4888 | Temple   | Entered the Ecumenical Temple
  4922 | Temple   | 4922 ||| PLANNING OKAWARU WORSHIP
  5050 | Temple   | Became a worshipper of Warmaster Okawaru
  5051 | Temple   | 5051 ||| PLANNING D:1-11
  5168 | D:6      | 5168 ||| DRINKING 2 murky brown potions.
  5169 | D:6      | 5169 ||| DROPPING potion of attraction.
  5187 | D:7      | Noticed Duvessa
  5188 | D:7      | Noticed Dowan
  5190 | D:7      | 5190 ||| STAIRDANCE
  5235 | D:7      | 5235 ||| STAIRDANCE
  5278 | D:7      | 5278 ||| STAIRDANCE
  5323 | D:7      | Killed Duvessa
  5324 | D:7      | 5324 ||| STAIRDANCE
  5328 | D:6      | Killed Dowan
  5405 | D:7      | Reached skill level 10 in Ranged Weapons
  5436 | D:7      | 5436 ||| Stepping ~*~*~tactically~*~*~ (outnumbered).
  5462 | D:7      | Reached * piety under Okawaru
  5624 | D:7      | Reached skill level 1 in Invocations
  5648 | D:7      | Reached XP level 9. HP: 69/76 MP: 9/9
  5727 | D:7      | Reached skill level 3 in Invocations
  5773 | D:7      | Reached ** piety under Okawaru
  5991 | D:7      | Noticed Prince Ribbit
  5992 | D:7      | 5992 ||| INVOKING Heroism.
  6000 | D:7      | Killed Prince Ribbit
  6082 | D:8      | Noticed Maggie
  6085 | D:8      | Noticed a red ugly thing
  6085 | D:8      | Noticed qw's ghost (novice GrFi)
  6090 | D:8      | 6090 ||| INVOKING Heroism.
  6092 | D:8      | Killed Maggie
  6093 | D:8      | Reached skill level 11 in Ranged Weapons
  6115 | D:8      | Found a runed translucent gate.
  6115 | D:8      | Found a runed translucent gate.
  6115 | D:8      | Found a runed translucent gate.
  6340 | D:8      | 6340 ||| Stepping ~*~*~tactically~*~*~ (outnumbered).
  6342 | D:8      | 6342 ||| Stepping ~*~*~tactically~*~*~ (outnumbered).
  6345 | D:8      | 6345 ||| INVOKING Heroism.
  6371 | D:8      | Found an ornate altar of the Wu Jian Council.
  6371 | D:8      | Noticed a two-headed ogre
  6372 | D:8      | 6372 ||| INVOKING Heroism.
  6380 | D:8      | Killed a two-headed ogre
  6381 | D:8      | Reached skill level 12 in Ranged Weapons
  6562 | D:8      | Reached XP level 10. HP: 69/88 MP: 12/12
  6698 | D:8      | 6698 ||| INVOKING Heroism.
  6733 | D:8      | 6733 ||| Stepping ~*~*~tactically~*~*~ (outnumbered).
  6735 | D:8      | 6735 ||| INVOKING Heroism.
  6736 | D:8      | Noticed an orange demon
  6740 | D:8      | 6740 ||| Stepping ~*~*~tactically~*~*~ (outnumbered).
  6749 | D:8      | Noticed a rust devil
  6757 | D:8      | Reached skill level 13 in Ranged Weapons
  6761 | D:8      | Reached *** piety under Okawaru
  6891 | D:8      | 6891 ||| DROPPING +0 steam dragon scales.
  6892 | D:8      | 6892 ||| DROPPING ring of flight.
  6951 | D:9      | Reached skill level 9 in Fighting
  7101 | D:9      | Identified the +0 scale mail "Orhasero" {rN+}
  7130 | D:9      | Reached skill level 6 in Dodging
  7237 | D:9      | Reached skill level 3 in Armour
  7311 | D:9      | Found Ludul's Antique Weapon Boutique.
  7319 | D:9      | 7319 ||| BUYING runed arbalest (187 gold).
  7319 | D:9      | Bought a runed arbalest for 187 gold pieces
  7319 | D:9      | 7319 ||| DROPPING +4 arbalest of flaming.
  7355 | D:9      | Reached **** piety under Okawaru
  7358 | D:9      | 7358 ||| INVOKING Heroism.
  7364 | D:9      | Reached skill level 14 in Ranged Weapons
  7486 | D:9      | Noticed a rakshasa
  7496 | D:9      | 7496 ||| INVOKING Heroism.
  7503 | D:9      | Killed a rakshasa
  7571 | D:9      | Identified the +3 leather armour of Honour {rC+}
  7573 | D:9      | 7573 ||| DROPPING +1 ring mail of cold resistance.
  7574 | D:9      | 7574 ||| UPGRADING to +3 leather armour of Honour {rC+}.
  7584 | D:9      | 7584 ||| READING scroll labelled YSIPRO OTAIWK.
  7585 | D:9      | 7585 ||| READING 2 scrolls of identify.
  7585 | D:9      | 7585 ||| IDENTIFYING black potion
  7627 | D:10     | Entered Level 10 of the Dungeon
  7656 | D:10     | Noticed a boulder beetle
  7657 | D:10     | 7657 ||| INVOKING Heroism.
  7660 | D:10     | 7660 ||| Stepping ~*~*~tactically~*~*~ (outnumbered).
  7670 | D:10     | HP: 22/92 [boulder beetle (19)]
  7671 | D:10     | 7671 ||| DRINKING 5 potions of heal wounds.
  7684 | D:10     | Reached XP level 11. HP: 45/99 MP: 13/13
  7689 | D:10     | 7689 ||| INVOKING Heroism.
  7690 | D:10     | Killed a boulder beetle
  7789 | D:10     | Found a flagged portal.
  7910 | D:10     | Found a snail-covered altar of Cheibriados.
  8005 | D:10     | 8005 ||| INVOKING Heroism.
  8073 | D:10     | Noticed a harpy
  8078 | D:10     | 8078 ||| INVOKING Heroism.
  8078 | D:10     | Noticed a wizard
  8079 | D:10     | 8079 ||| Stepping ~*~*~tactically~*~*~ (outnumbered).
  8084 | D:10     | Noticed a two-headed ogre
  8085 | D:10     | Killed a harpy
  8085 | D:10     | HP: 20/99 [steam dragon] (15)]
  8086 | D:10     | Noticed a two-headed ogre
  8086 | D:10     | 8086 ||| DRINKING 4 potions of heal wounds.
  8089 | D:10     | 8089 ||| DRINKING 3 potions of heal wounds.
  8091 | D:10     | Killed a two-headed ogre
  8092 | D:10     | Reached skill level 6 in Invocations
  8095 | D:10     | Killed a two-headed ogre
  8097 | D:10     | Identified the +3 chain mail of Bytoyzed {rCorr Str-2 Dex+4
                  | SInv}
  8097 | D:10     | Noticed a tengu warrior
  8098 | D:10     | HP: 24/99 [centaur/arrow (8)]
  8099 | D:10     | 8099 ||| DRINKING 2 potions of heal wounds.
  8109 | D:10     | Killed a tengu warrior
  8109 | D:10     | Reached ***** piety under Okawaru
  8111 | D:10     | 8111 ||| INVOKING Heroism.
  8111 | D:10     | HP: 24/99 [steam dragon] (4)]
  8113 | D:10     | 8113 ||| DRINKING potion of heal wounds.
  8116 | D:10     | 8116 ||| FLEEEEING.
  8117 | D:10     | 8117 ||| FLEEEEING.
  8118 | D:10     | 8118 ||| FLEEEEING.
  8119 | D:10     | 8119 ||| FLEEEEING.
  8120 | D:10     | 8120 ||| FLEEEEING.
  8121 | D:10     | 8121 ||| FLEEEEING.
  8122 | D:10     | 8122 ||| FLEEEEING.
  8270 | D:10     | Found a staircase to the Lair.
  8278 | D:10     | 8278 ||| INVOKING Heroism.
  8359 | D:10     | Noticed a deep troll
  8360 | D:10     | 8360 ||| INVOKING Heroism.
  8366 | D:10     | Killed a deep troll
  8367 | D:10     | Reached skill level 15 in Ranged Weapons
  8417 | D:10     | Noticed a tengu warrior
  8418 | D:10     | 8418 ||| INVOKING Heroism.
  8434 | D:10     | 8434 ||| Stepping ~*~*~tactically~*~*~ (outnumbered).
  8440 | D:10     | Killed a tengu warrior
  8442 | D:10     | HP: 3/99 [acid dragon/splash of acid (29)]
  8448 | D:10     | HP: 7/99 [acid dragon (1)]
  8452 | D:10     | Killed a wizard
  8604 | D:10     | Noticed Urug
  8605 | D:10     | 8605 ||| INVOKING Heroism.
  8606 | D:10     | 8606 ||| INVOKING Finesse.
  8618 | D:10     | Killed Urug
  8821 | D:10     | Reached XP level 12. HP: 97/106 MP: 17/17
  9083 | D:10     | 9083 ||| PLANNING LAIR
  9083 | D:10     | 9083 ||| DROPPING +3 ring mail.
  9114 | Lair:1   | Entered Level 1 of the Lair of Beasts
  9285 | Lair:1   | 9285 ||| INVOKING Heroism.
  9287 | Lair:1   | Reached skill level 9 in Invocations
  9293 | Lair:1   | Noticed a catoblepas
  9294 | Lair:1   | 9294 ||| INVOKING Finesse.
  9297 | Lair:1   | 9297 ||| Stepping ~*~*~tactically~*~*~ (cloud).
  9347 | Lair:1   | 9347 ||| INVOKING Heroism.
  9356 | Lair:1   | 9356 ||| Stepping ~*~*~tactically~*~*~ (cloud).
  9367 | Lair:1   | 9367 ||| Stepping ~*~*~tactically~*~*~ (cloud).
  9370 | Lair:1   | 9370 ||| Stepping ~*~*~tactically~*~*~ (cloud).
  9374 | Lair:1   | 9374 ||| Stepping ~*~*~tactically~*~*~ (cloud).
  9375 | Lair:1   | 9375 ||| INVOKING Heroism.
  9406 | Lair:1   | HP: 25/106 [yak (13)]
  9482 | Lair:1   | 9482 ||| INVOKING Heroism.
  9483 | Lair:1   | 9483 ||| INVOKING Finesse.
  9487 | Lair:1   | 9487 ||| Stepping ~*~*~tactically~*~*~ (cloud).
  9494 | Lair:1   | 9494 ||| Stepping ~*~*~tactically~*~*~ (cloud).
  9530 | Lair:1   | 9530 ||| INVOKING Heroism.
  9534 | Lair:1   | Killed a catoblepas
  9535 | Lair:1   | Reached skill level 16 in Ranged Weapons
  9569 | Lair:1   | 9569 ||| INVOKING Heroism.
  9776 | Lair:1   | 9776 ||| INVOKING Heroism.
  9820 | Lair:1   | 9820 ||| INVOKING Heroism.
 10112 | Lair:1   | 10112 ||| INVOKING Heroism.
 10113 | Lair:1   | 10113 ||| INVOKING Finesse.
 10322 | Lair:1   | 10322 ||| INVOKING Heroism.
 10830 | Lair:1   | 10830 ||| READING scroll labelled ZUAFRADIPUACK.
 10831 | Lair:1   | 10831 ||| DRINKING 2 bubbling green potions.
 10887 | Lair:2   | 10887 ||| INVOKING Heroism.
 10888 | Lair:2   | 10888 ||| INVOKING Finesse.
 10945 | Lair:2   | Noticed a death yak
 10946 | Lair:2   | 10946 ||| INVOKING Heroism.
 10947 | Lair:2   | Noticed a death yak
 10950 | Lair:2   | Noticed a death yak
 10951 | Lair:2   | Noticed a death yak
 10963 | Lair:2   | Killed a death yak
 10964 | Lair:2   | Reached skill level 17 in Ranged Weapons
 10969 | Lair:2   | Killed a death yak
 10972 | Lair:2   | HP: 9/110 [death yak (19)]
 10976 | Lair:2   | Killed a death yak
 10977 | Lair:2   | Reached XP level 13. HP: 8/116 MP: 19/19
 10977 | Lair:2   | 10977 ||| INVOKING Finesse.
 10977 | Lair:2   | HP: 1/116 [death yak (8)]
 10982 | Lair:2   | Mangled by a death yak

Levels and vault maps discovered:
D:1:      heliophobic_arrival_henge, layout_loops_ring, serial_bayou_pond_c,
          minmay_tetromino_s2
D:2:      layout_basic
D:3:      layout_basic, lemuel_round_altar, nicolae_overflow_hidden_temple,
          serial_forest, infiniplex_forest_lined_3, infiniplex_forest_zigzag_1,
          infiniplex_forest_clump_medium, infiniplex_forest_fountain,
          infiniplex_forest_end_1, infiniplex_forest_clump_double,
          infiniplex_forest_lined_corner
D:4:      layout_loops_corners, nicolae_overflow_crystal_walls,
          nemelex_dance_club_becter, corexii_corridor_pit
D:5:      layout_basic
D:6:      layout_loops_cross, ashenzari_altar_1,
          mainiacjoe_overflow_tiny_flanked, jmf_multi_god_temple2, temple_green
D:7:      layout_loops_ring, serial_undead, serial_undead_b, serial_undead_b,
          serial_undead_d, serial_undead_c, uniq_duvessa, uniq_prince_ribbit1
D:8:      layout_loops_cross, mainiacjoe_overflow_alcove_4,
          gammafunk_ghost_split, minmay_manual_mullet, uniq_maggie
D:9:      layout_roguey, chequers_mini_garden, small_chamber_with_monster,
          minmay_shop_grid_forest, serial_bayou_pond_d
D:10:     nzn_winding_woodlands_cross [nzn_winding_woodlands_5x15_parted,
          nzn_winding_woodlands_5x15_eye,
          nzn_winding_woodlands_5x15_lazy_stream,
          nzn_winding_woodlands_5x15_cabin,
          nzn_winding_woodlands_15x15_thick_spiral], layout_loops_corners,
          mainiacjoe_overflow_boulevard, enter_bailey_5, uniq_urug
Temple:   hellmonk_temple_flake
Lair:1:   layout_layer_cave, nicolae_lair_grazing_beasts
          [nicolae_sub_lair_graze_edge, nicolae_sub_lair_graze_edge,
          nicolae_sub_lair_graze_edge, nicolae_sub_lair_graze_edge],
          grunt_megastairs_5
Lair:2:   dpeg_oklob_shooting_range, layout_cave_pods, elwin_shoals_entry_rocks,
          beast_lair_carwin_6

Skill      XL: |  1  2  3  4  5  6  7  8  9 10 11 12 |
---------------+-------------------------------------+-----
Ranged Weapons | 3 4 5 6 7 9 10 12 14 15 17 | 17.0
Fighting       | 2 3 4 5 7 8 9 10 11 | 11.0
Armour         | 1 2 3 4 5 |  5.2
Dodging        | 4 5 6 7 8 |  8.1
Invocations    | 2 4 8 10 | 10.0
Spellcasting   | |  1.0
Hexes          | |  2.0

Action                     |  1- 3 |  4- 6 |  7- 9 | 10-12 | 13-15 || total
---------------------------+-------+-------+-------+-------+-------++-------
   Fire: Sling             |   112 |   166 |   139 |       |       ||   417
         Longbow           |       |       |   240 |   635 |     5 ||   880
 Invoke: Heroism           |       |       |     4 |    25 |       ||    29
         Finesse           |       |       |       |     5 |     1 ||     6
    Use: Scroll            |     3 |     4 |     6 |     3 |       ||    16
         Potion            |       |     2 |     5 |     6 |       ||    13
 Armour: Robe              |     4 |       |    71 |    14 |       ||    89
         Ring mail         |     7 |    37 |    17 |       |       ||    61
         Leather armour    |       |       |       |    78 |       ||    78
  Dodge: Dodged            |    36 |    64 |   133 |   328 |     1 ||   562

Table legend:
 A = Non-vault XP
 B = Vault XP
 C = Vault XP percentage of total XP
 D = Non-vault monster count
 E = Vault monster count
 F = Vault count percentage of total count
                 A         B        C        D         E       F
            +---------+---------+-------+---------+---------+-------
      Total |   20657 |   17972 |  46.5 |     267 |      67 |  20.1
            +---------+---------+-------+---------+---------+-------
        D:1 |      50 |       3 |   5.7 |      28 |       2 |   6.7
        D:2 |      84 |       0 |   0.0 |      20 |       0 |   0.0
        D:3 |     206 |       0 |   0.0 |      31 |       0 |   0.0
        D:4 |     481 |       5 |   1.0 |      21 |       2 |   8.7
        D:5 |     417 |       0 |   0.0 |      20 |       0 |   0.0
        D:6 |     457 |      69 |  13.1 |      20 |       1 |   4.8
        D:7 |    1057 |     887 |  45.6 |      23 |      13 |  36.1
        D:8 |    1949 |    1683 |  46.3 |      20 |       7 |  25.9
        D:9 |    2569 |     858 |  25.0 |      28 |       1 |   3.4
       D:10 |    2431 |    9655 |  79.9 |      18 |      27 |  60.0
     Lair:1 |    8529 |    4247 |  33.2 |      35 |      13 |  27.1
     Lair:2 |    2427 |     565 |  18.9 |       3 |       1 |  25.0
            +---------+---------+-------+---------+---------+-------
